 Dungeon Crawl Stone Soup version 0.32-a0-685-g93135e86f0 (webtiles) character file.

Game seed: 6425349928588001412

246 javelincjr the Trooper (level 5, -3/41 HPs)
             Began as a Demonspawn Warper on Mar 12, 2024.
             Was a Follower of Beogh.
             Slain by Prince Ribbit (15 damage)
             ... on level 5 of the Dungeon.
             The game lasted 00:08:06 (3583 turns).

javelincjr the Trooper (Demonspawn Warper)          Turns: 3583, Time: 00:08:06

Health: -3/41      AC:  9    Str: 13    XL:     5   Next: 84%
Magic:  9/9        EV: 12    Int: 14    God:    Beogh [*.....]
Gold:   211        SH:  4    Dex: 18    Spells: 9/9 levels left

rFire   . . .        l - +0 trident
rCold   . . .        (no shield)
rNeg    . . .        b - +0 leather armour
rPois   .            (helmet restricted)
rElec   .            y - +0 cloak
rCorr   .            f - +0 pair of gloves
SInv    .            (no boots)
Will    .....        (no amulet)
Stlth   +            z - +6 ring of dexterity
HPRegen 0.26/turn    (no ring)
MPRegen 0.11/turn

%: no passive effects
@: no status effects
A: horns 1, icemail 1, spiny 1, condensation shield
a: Renounce Religion


You were on level 5 of the Dungeon.
You worshipped Beogh.
Beogh was aware of your devotion.
You visited 1 branch of the dungeon, and saw 5 of its levels.

You collected 211 gold pieces.

Inventory:

Hand Weapons
 a - a +0 spear
 l - a +0 trident (weapon)
Missiles
 d - 7 darts of dispersal (quivered)
 w - 6 poisoned darts
Armour
 b - a +0 leather armour (worn)
 f - a +0 pair of gloves (worn)
 y - a +0 cloak (worn)
Jewellery
 z - a +6 ring of dexterity (left hand)
Wands
 t - a wand of flame (3)
Scrolls
 c - 3 scrolls of blinking
 g - 3 scrolls of fog
 i - a scroll of torment {unknown}
 k - a scroll of amnesia {unknown}
 m - 3 scrolls of revelation
 q - a scroll of enchant armour {unknown}
 r - a scroll of poison {unknown}
 u - a scroll of teleportation {unknown}
 x - a scroll of brand weapon {unknown}
Potions
 e - 3 potions of might
 h - a potion of brilliance {unknown}
 j - 3 potions of heal wounds
 n - 2 potions of lignification
 o - 2 potions of haste
 p - 2 potions of enlightenment
 s - 2 potions of curing {unknown}
 v - a potion of resistance {unknown}


   Skills:
 * Level 3.6 Fighting
 + Level 2.6 Polearms
 - Level 0.8 Throwing
 + Level 2.1 Armour
 + Level 2.6 Dodging
 + Level 2.7 Spellcasting
 + Level 3.2 Translocations
 + Level 0.9 Invocations


You had 9 spell levels left.
You didn't know any spells.
Your spell library contained the following spells:

 Spells                   Type           Power      Damage    Failure   Level
 Blink                    Tloc           22%        N/A       11%         2
 Lesser Beckoning         Tloc           22%        N/A       11%         2
 Teleport Other           Tloc           11%        N/A       22%         3
 Kiss of Death            Conj/Necr      4%         2d5       28%         1
 Volatile Blastmotes      Fire/Tloc      12%        2d11      41%         3
 Manifold Assault         Tloc           11%        N/A       58%         4
 Confusing Touch          Hex            1%         N/A       63%         3
 Iskenderun's Mystic Bla  Conj/Tloc      6%         2d4       82%         4
 Vhi's Electric Charge    Tloc/Air       12%        N/A       82%         4
 Dispel Undead            Necr           1%         3d6       95%         4
 Fulminant Prism          Conj/Alch      0%         3d5       95%         4
 Arcjolt                  Conj/Air       0%         1d10      100%        5
 Plasma Beam              Fire/Air       0%         2x1d10    100%        6


Dungeon Overview and Level Annotations

Branches:
Dungeon (5/15)
 Temple: D:4-7

Altars:
Fedhas
Ru

Annotations:
D:5 Prince Ribbit


Innate Abilities, Weirdness & Mutations

You have a pair of small horns on your head.
A meltable icy envelope protects you from harm. (AC +4)
You are partially covered in sharp spines.
A meltable shield of frost defends you. (SH +4)


Message History

The sleepcap closely misses you.
You puncture the sleepcap!
You headbutt the sleepcap, but do no damage.
The sleepcap is heavily damaged.
The sleepcap barely misses you. The sleepcap releases spores at you.
You are engulfed in a cloud of soporific spores!
You fall asleep.
The sleepcap releases spores at you!
You wake up.
You are engulfed in a cloud of soporific spores!
You are unaffected.
You hit the sleepcap. You headbutt the sleepcap.
The sleepcap is almost destroyed.
The sleepcap barely misses you.
You puncture the sleepcap!
You destroy the sleepcap!
Beogh accepts your kill.
No target in view!
No target in view!
You start resting.
HP restored.
You climb downwards.
Level annotation: Prince Ribbit Prince Ribbit is struck by your spines.
Prince Ribbit barely misses you. Prince Ribbit is struck by your spines.
Prince Ribbit hits you.
There is a stone staircase leading up here.
You puncture Prince Ribbit!
Prince Ribbit is heavily wounded.
Prince Ribbit is struck by your spines. Prince Ribbit hits you!
Prince Ribbit is struck by your spines. Prince Ribbit closely misses you.
You closely miss Prince Ribbit.
Prince Ribbit is severely wounded.
Prince Ribbit is struck by your spines. Prince Ribbit hits you!
* * * LOW HITPOINT WARNING * * *
You are too injured to fight recklessly!
You are too injured to fight recklessly!
You are too injured to fight recklessly!
You closely miss Prince Ribbit. You headbutt Prince Ribbit.
Prince Ribbit is almost dead.
Prince Ribbit hits you!
You die...

##..........
##............
#.............
#.............
#....<........
###..[..........
................
..#...F........
........@.......
#########..?##..
....... .#.....
##..##. .# #


You could see Prince Ribbit.

Vanquished Creatures
  A sleepcap (D:4)
  An orc wizard (D:4)
  5 adders
  3 gnolls (D:4)
  2 dart slugs
  15 orcs
  6 ball pythons
  5 bats
  8 endoplasms
  A giant cockroach (D:2)
  9 goblins
  11 hobgoblins
  6 jackals
  10 kobolds
  3 quokkas
  3 frilled lizards
  4 rats
93 creatures vanquished.

Vanquished Creatures (others)
  A kobold (D:4)
1 creature vanquished.

Grand Total: 94 creatures vanquished

Notes
Turn   | Place    | Note
-------+----------+-------------------------------------------
     0 | D:1      | javelincjr the Demonspawn Warper began the quest for the
                  | Orb.
     0 | D:1      | Reached XP level 1. HP: 16/16 MP: 3/3
   105 | D:1      | Reached skill level 1 in Armour
   135 | D:1      | Gained mutation: You are partially covered in sharp spines.
                  | [demonic ancestry]
   135 | D:1      | Reached XP level 2. HP: 21/22 MP: 5/5
  1012 | D:2      | Gained mutation: You have a pair of small horns on your
                  | head. [demonic ancestry]
  1012 | D:2      | Reached XP level 3. HP: 8/28 MP: 6/6
  1110 | D:2      | Found a sacrificial altar of Ru.
  1368 | D:2      | Gained mutation: A meltable shield of frost defends you.
                  | (SH +4) [demonic ancestry]
  1368 | D:2      | Reached XP level 4. HP: 18/34 MP: 7/7
  1700 | D:3      | Became a worshipper of Beogh the Shepherd
  1726 | D:3      | Found a faded altar of an unknown god.
  2613 | D:4      | Gained mutation: A meltable icy envelope protects you from
                  | harm. (AC +4) [demonic ancestry]
  2613 | D:4      | Reached XP level 5. HP: 36/41 MP: 8/8
  2937 | D:4      | Found a blossoming altar of Fedhas.
  3319 | D:4      | Reached * piety under Beogh
  3501 | D:5      | Entered Level 5 of the Dungeon
  3501 | D:5      | Noticed Prince Ribbit
  3583 | D:5      | Slain by Prince Ribbit

Illustrated notes

Levels and vault maps discovered:
D:1:      tarquinn_simple_flora_water_b, layout_loops_ring, serial_aquarium,
          aquarium_bridge_square [aquarium_subvault_window,
          aquarium_subvault_bridge, aquarium_subvault_bridge,
          aquarium_subvault_wall], aquarium_window_fake, aquarium_window_1,
          aquarium_window_3, aquarium_window_1, aquarium_view_2c,
          aquarium_balcony_3a, aquarium_pool_double,
          nicolae_twisty_statue_hallways
D:2:      layout_basic, basic_altar, minmay_hexomino_p4
D:3:      layout_basic, ebering_ecumenical_altar_petrified, minmay_liquid_box
D:4:      corexii_shantytown, layout_loops_ring,
          mainiacjoe_overflow_concentric_impassable,
          hangedman_abyss_or_decor_stagger, st_stairs_12
D:5:      layout_rooms, serial_shops, nicolae_shop_behind_doors,
          uniq_prince_ribbit1

Skill      XL: |  1  2  3  4  5 |
---------------+----------------+-----
Armour         | 1 2 |  2.1
Polearms       | 2 |  2.6
Dodging        | 2 |  2.6
Translocations | 3 |  3.2
Fighting       | 3 |  3.6
Throwing       | |  0.8
Spellcasting   | |  2.7
Invocations    | |  0.9

Action                     |  1- 3 |  4- 6 || total
---------------------------+-------+-------++-------
  Melee: Spear             |   104 |    64 ||   168
         Headbutt          |     3 |    26 ||    29
         Trident           |       |    78 ||    78
 Invoke: Convert to Beogh  |       |     1 ||     1
    Use: Scroll            |       |     8 ||     8
   Stab: Sleeping          |     1 |     2 ||     3
         Distracted        |     1 |     1 ||     2
 Armour: Leather armour    |    34 |    52 ||    86
  Dodge: Dodged            |    51 |    34 ||    85
  Block: Other             |       |    14 ||    14

Table legend: (Time is in decaauts)
 A = Elapsed time spent in this place.
 B = Non-inter-level travel time spent in this place.
 C = Inter-level travel time spent in this place.
 D = Time resting spent in this place.
 E = Time spent auto-exploring this place.
 F = Levels seen in this place.
 G = Mean time per level.
                   A        B        C        D        E       F      G
               +--------+--------+--------+--------+--------+-----+--------+
         Total |   3595 |   3516 |     79 |     64 |   2917 |   5 |  719.0 |
       Dungeon |   3595 |   3516 |     79 |     64 |   2917 |   5 |  719.0 |
               +--------+--------+--------+--------+--------+-----+--------+

Top non-repeatable levels by time:
     D:4: 1136 daAuts
     D:1: 931 daAuts
     D:3: 844 daAuts
     D:2: 675 daAuts
     D:5: 8 daAuts
